 Dungeon Crawl Stone Soup version 0.30-a0-377-g5cb311bc9f (webtiles) character file.

Game seed: 16658014836942735211

172 qeuew the Sneak (level 5, -5/24 HPs)
             Began as a Vine Stalker Enchanter on Nov 29, 2022.
             Was a Follower of Dithmenos.
             Slain by Crazy Yiuf
             ... wielding a +2 quarterstaff of chaos
              (7 damage)
             ... on level 3 of the Dungeon.
             The game lasted 00:04:09 (2607 turns).

qeuew the Sneak (Vine Stalker Enchanter)            Turns: 2607, Time: 00:04:10

Health: -5/24      AC:  2    Str: 10    XL:     5   Next: 52%
Magic:  0/11       EV: 12    Int: 15    God:    Dithmenos [*.....]
Gold:   171        SH:  0    Dex: 17    Spells: 3/11 levels left

rFire   . . .      SeeInvis .    f - +1 short sword (vamp)
rCold   . . .      Faith    .    (no shield)
rNeg    . . .      Spirit   +    b - +0 robe
rPois   .          Reflect  .    (no helmet)
rElec   .          Harm     .    (no cloak)
rCorr   .          Rampage  .    (no gloves)
Will    .....                    (no boots)
Stlth   +++.......               (no amulet)
HPRegen 1.04/turn                (no ring)
MPRegen 0.12/turn                (no ring)

@: wreathed by umbra
A: fangs 2, regeneration 1, magic shield, antimagic bite, no potion heal 2
a: Renounce Religion


You were on level 3 of the Dungeon.
You worshipped Dithmenos.
Dithmenos was aware of your devotion.
You visited 1 branch of the dungeon, and saw 3 of its levels.

You collected 171 gold pieces.

Inventory:

Hand Weapons
 a - a +1 dagger
 f - a +1 vampiric short sword (weapon)
Armour
 b - a +0 robe (worn)
Wands
 k - a wand of mindburst (10)
Scrolls
 d - 3 scrolls of teleportation
 e - a scroll of identify
 g - a scroll of magic mapping
 l - a scroll of butterflies {unknown}
 m - a scroll of summoning {unknown}
Potions
 c - 2 potions of invisibility
 h - 2 potions of might
 i - a potion of heal wounds


   Skills:
 + Level 1.7 Short Blades
 + Level 2.2 Dodging
 * Level 5.0 Stealth
 * Level 3.5 Spellcasting
 + Level 3.4 Hexes
 + Level 0.5 Invocations


You had 3 spell levels left.
You knew the following spells:

 Your Spells              Type           Power      Damage    Failure   Level
a - Ensorcelled Hibernat  Hex/Ice        14%        N/A       14%         2
b - Confusing Touch       Hex            13%        N/A       14%         3
c - Tukima's Dance        Hex            13%        N/A       14%         3

Your spell library contained the following spells:

 Spells                   Type           Power      Damage    Failure   Level
 Dazzling Flash           Conj/Hex       14%        N/A       28%         3
 Spider Form              Tmut/Pois      2%         N/A       50%         3
 Anguish                  Hex/Necr       3%         N/A       67%         4


Dungeon Overview and Level Annotations

Branches:
Dungeon (3/15)

Altars:
Dithmenos
Kikubaaqudgha

Shops:
D:1 (

Annotations:
D:3 Crazy Yiuf


Innate Abilities, Weirdness & Mutations

You have extremely sharp teeth.
Your natural rate of healing is unusually fast.
When hurt, damage is shared between your health and your magic reserves.
Your bite disrupts and absorbs the magic of your enemies.
Potions cannot restore your health.


Message History

The fungus is lightly damaged.
You hit the fungus. You bite the fungus, but do no damage.
The fungus is lightly damaged.
You hit the fungus. You bite the fungus. You drain its power.
The fungus is lightly damaged.
You hit the fungus but do no damage.
The fungus is lightly damaged.
You hit the fungus.
The fungus is lightly damaged.
You hit the fungus but do no damage.
The fungus is lightly damaged.
You hit the fungus but do no damage.
The fungus is lightly damaged.
A nearby fungus withers and dies.
Found a hammer.
Found a runed translucent door.
You open the door.
There is an open translucent door here.
Crazy Yiuf misses you.
Crazy Yiuf resists with some effort.
Crazy Yiuf screams, "Rifle!"
Crazy Yiuf hits you with a +2 quarterstaff of chaos!
Crazy Yiuf looks drowsy...
The helpless Crazy Yiuf fails to defend himself.
You puncture Crazy Yiuf!
You feel better.
Crazy Yiuf is severely wounded.
Crazy Yiuf hits you with a +2 quarterstaff of chaos.
You are poisoned.
You barely miss Crazy Yiuf.
Crazy Yiuf is severely wounded.
You feel very sick.
Crazy Yiuf hits you with a +2 quarterstaff of chaos!
* * * LOW HITPOINT WARNING * * *
You are lethally poisoned!
It was a potion of heal wounds.
That seemed strangely inert.
* * * LOW HITPOINT WARNING * * *
You feel very sick. Crazy Yiuf closely misses you.
It was a potion of curing.
Your system rejects the healing.
You feel better.
Crazy Yiuf hits you with a +2 quarterstaff of chaos!
You die...

######## .....>.#
.......# ...)...#
.......# ###....#
♣♣♣♣♣## #....#
#####♣♣♣.♣.P.###
###....#
#...#♣..♣.PP...##
.......#
#.g@'.♣♣♣♣.P)...#
.......# #)..#♣♣
♣♣..#..# .......#
##### ♣♣##..#
).....## #.##
.)....# #).#
......## ### ##)#
#####..# #.# #.#
.......##### #.#
#.# #####......#
#.# #.#


You could see Crazy Yiuf.

Vanquished Creatures
  Terence (D:3)
  3 gnolls (D:3)
  4 adders
  2 worms (D:2)
  2 dart slugs (D:1)
  4 orcs (D:3)
  7 bats
  5 endoplasms
  2 giant cockroaches
  3 goblins
  7 hobgoblins
  6 jackals
  6 ball pythons
  2 frilled lizards (D:1)
  6 kobolds
  5 rats
65 creatures vanquished.

Vanquished Creatures (others)
  A fungus (D:3)
  5 plants
6 creatures vanquished.

Grand Total: 71 creatures vanquished

Notes
Turn   | Place    | Note
-------+----------+-------------------------------------------
     0 | D:1      | qeuew the Vine Stalker Enchanter began the quest for the
                  | Orb.
     0 | D:1      | Reached XP level 1. HP: 9/9 MP: 4/4
    58 | D:1      | Reached skill level 1 in Short Blades
    78 | D:1      | Found Hishrio's Weapon Emporium.
   176 | D:1      | Reached XP level 2. HP: 12/13 MP: 4/6
   216 | D:1      | Learned a level 2 spell: Ensorcelled Hibernation
   596 | D:2      | Reached XP level 3. HP: 16/16 MP: 5/8
   598 | D:2      | Reached skill level 4 in Stealth
   932 | D:2      | Found an ancient bone altar of Kikubaaqudgha.
  1265 | D:2      | Gained mutation: Your natural rate of healing is unusually
                  | fast. [Vine Stalker growth]
  1265 | D:2      | Reached XP level 4. HP: 21/21 MP: 6/9
  1381 | D:2      | Learned a level 3 spell: Confusing Touch
  1385 | D:2      | Learned a level 3 spell: Tukima's Dance
  1460 | D:3      | Noticed Terence
  1470 | D:3      | Killed Terence
  1495 | D:3      | Found a shadowy altar of Dithmenos.
  1579 | D:3      | Became a worshipper of Dithmenos the Shadowed
  1801 | D:3      | Reached XP level 5. HP: 11/24 MP: 1/11
  2226 | D:3      | Reached skill level 5 in Stealth
  2417 | D:3      | Reached * piety under Dithmenos
  2595 | D:3      | Found a runed translucent door.
  2596 | D:3      | Noticed Crazy Yiuf
  2606 | D:3      | HP: 1/24 [poisoned by Crazy Yiuf]
  2607 | D:3      | Slain by Crazy Yiuf

Illustrated notes

Levels and vault maps discovered:
D:1:      minmay_arrival_stair_chambers, layout_rooms, serial_shops,
          nicolae_shop_bloodbath_and_beyond, serial_bayou_pond_e,
          dreamdust_princess_bridge, nicolae_kite_square_tiling_tiny,
          minmay_fountain_box
D:2:      layout_loops_cross, basic_altar, serial_bayou_pond_b,
          grunt_ministairs_15, hangedman_decor_points
D:3:      layout_basic, mainiacjoe_overflow_cross_hatched,
          guppyfry_early_lair_pool, uniq_terence, uniq_crazy_yiuf_cottage

Skill      XL: |  1  2  3  4  5 |
---------------+----------------+-----
Short Blades   | 1 |  1.7
Stealth        | 4 5 |  5.0
Dodging        | 2 |  2.2
Spellcasting   | 3 |  3.5
Hexes          | |  3.4
Invocations    | |  0.5

Action                   |  1- 3 |  4- 6 || total
-------------------------+-------+-------++-------
Melee: Dagger            |    51 |       ||    51
       Bite              |    18 |    30 ||    48
       Short sword       |    36 |    93 ||   129
 Cast: Ensorcelled Hiber |     7 |     6 ||    13
  Use: Scroll            |     4 |     2 ||     6
       Potion            |       |     2 ||     2
 Stab: Sleeping          |    12 |     9 ||    21
Armor: Robe              |    14 |     9 ||    23
Dodge: Dodged            |    58 |    68 ||   126

Table legend: (Time is in decaauts)
 A = Elapsed time spent in this place.
 B = Non-inter-level travel time spent in this place.
 C = Inter-level travel time spent in this place.
 D = Time resting spent in this place.
 E = Time spent auto-exploring this place.
 F = Levels seen in this place.
 G = Mean time per level.
                   A        B        C        D        E       F      G
               +--------+--------+--------+--------+--------+-----+--------+
         Total |   2593 |   2482 |    111 |      0 |   2007 |   3 |  864.3 |
       Dungeon |   2593 |   2482 |    111 |      0 |   2007 |   3 |  864.3 |
               +--------+--------+--------+--------+--------+-----+--------+

Top non-repeatable levels by time:
     D:3: 1146 daAuts
     D:2: 856 daAuts
     D:1: 589 daAuts
